Map: Apotheosis LE

Players

Rakan

  • Race: Terran Terran
  • League: Diamond

ELGOLDEN - Winner!

  • Race: Protoss Protoss
  • League: Silver

VOD

https://www.youtube.com/channel/UCcSgNfDNxvyisU-eCj9xyNg/playlists

Description

Time

  • Played on: Aug. 14, 2016, 12:57 p.m.
  • Length: 13:00
Show
View Real Time Build Order
Export as new Build Order

Rakan Terran 

Build Orders: Reaper Expand, MMM Bio 

Get SALT Encoding   

  12  0:00  SCV  
  13  0:13  SCV  
  14  0:17  Supply Depot  
  14  0:25  SCV  
  15  0:39  SCV  
  15  0:41  Barracks  
  16  0:44  Refinery  
  16  0:51  SCV  
  17  1:03  SCV  
  18  1:15  SCV  
  19  1:28  Reaper, Orbital Command  
  20  1:38  Barracks  
  20  1:58  Command Center  
  20  2:05  SCV  
  21  2:11  Refinery  
  21  2:12  Barracks Reactor  
  21  2:17  SCV  
  22  2:23  Supply Depot  
  22  2:29  Barracks Tech Lab, SCV  
  23  2:44  SCV  
  23  2:50  Factory  
  23  2:51  Marine x2  
  25  2:52  Marine  
  25  2:56  SCV  
  28  3:03  Stimpack  
  27  3:09  Marine  
  27  3:11  Marine x2  
  30  3:18  SCV x2  
  32  3:28  Marine  
  32  3:29  Bunker, Marine  
  32  3:31  Marine  
  32  3:33  Orbital Command  
  35  3:37  Widow Mine  
  37  3:49  Marine  
  37  3:50  Starport  
  37  3:52  SCV  
  39  3:55  Marine  
  39  3:56  Marine  
  39  4:02  SCV  
  42  4:04  SCV  
  42  4:09  Engineering Bay  
  43  4:11  Marine  
  43  4:14  SCV  
  43  4:16  SCV, Supply Depot  
  46  4:31  Supply Depot  
  46  4:37  Medivac, Widow Mine, Marine x3  
  53  4:42  Missile Turret, SCV  
  53  4:45  Missile Turret  
  54  4:53  SCV  
  54  4:54  SCV, Supply Depot  
  54  4:55  Marine x2  
  54  4:59  Liberator  
  58  5:15  SCV  
  58  5:17  Factory Reactor  
  62  5:21  SCV, Marine  
  62  5:22  Marine  
  62  5:23  Barracks  
  62  5:25  Barracks  
  62  5:27  Barracks  
  62  5:28  Terran Infantry Weapons Level 1  
  65  5:32  Supply Depot  
  65  5:35  SCV  
  66  5:36  SCV  
  66  5:42  Supply Depot, Marine x2  
  69  5:43  Combat Shields  
  69  5:48  SCV  
  70  5:54  Marine  
  70  5:55  SCV  
  72  6:00  Marine  
  73  6:09  Marine  
  73  6:10  SCV  
  75  6:11  Marine  
  75  6:12  Refinery  
  75  6:14  Refinery  
  68  6:24  SCV  
  61  6:38  Marine  
  61  6:39  Medivac x2  
  66  6:44  Barracks Reactor  
  66  6:45  Barracks Tech Lab x2  
  62  6:49  Command Center, SCV  
  61  6:54  SCV  
  61  6:58  Marine x3  
  61  6:59  Armory, Engineering Bay  
  65  7:06  SCV  
  65  7:08  Concussive Shells  
  63  7:09  Marauder x2  
  63  7:13  SCV  
  68  7:15  Marine x2  
  68  7:16  Marauder  
  68  7:18  Medivac  
  68  7:19  Medivac  
  68  7:22  Marine x2  
  78  7:23  SCV  
  78  7:27  Terran Infantry Armor Level 1  
  79  7:30  Marine x2  
  79  7:33  Marine x2  
  84  7:37  SCV, Marine  
  84  7:40  SCV  
  86  7:45  Marine  
  86  7:50  Marine  
  86  7:53  Marine  
  86  8:02  Supply Depot  
  86  8:04  Supply Depot  
  86  8:12  Supply Depot, Terran Infantry Weapons Level 2  
  86  8:15  Supply Depot  
  86  8:23  Marine x4  
  86  8:24  SCV x2, Marauder  
  94  8:28  Orbital Command, Marine x2  
  95  8:41  Marine x4  
  95  8:45  Marine  
  99  8:49  Marine x2  
  101  8:59  Marine x4  
  105  9:03  Marine  
  105  9:04  Orbital Command  
  105  9:06  Marine  
  105  9:07  Marine  
  102  9:17  Marine x3, Marauder  
  102  9:21  Marauder  
  102  9:22  SCV  
  108  9:24  Marine x2  
  108  9:26  SCV  
  111  9:35  Marine x3  
  111  9:36  Medivac x2  
  118  9:39  Marauder  
  118  9:42  SCV, Marine x3  
  121  9:50  SCV  
  121  9:51  Terran Infantry Armor Level 2  
  115  9:52  Marine x2  
  115  9:53  Marauder  
  115  9:58  Starport  
  115  9:59  SCV  
  120  10:00  Marine x2, Marauder x2  
  120  10:01  SCV  
  120  10:02  Supply Depot  
  120  10:04  SCV  
  120  10:05  Supply Depot  
  120  10:06  Medivac x2, Supply Depot  
  132  10:08  Supply Depot  
  132  10:10  Marine  
  132  10:12  Starport  
  133  10:19  Refinery  
  133  10:21  Refinery  
  133  10:24  SCV, Marine x4, Marauder  
  133  10:27  Marauder  
  142  10:28  Marine  
  142  10:29  Missile Turret  
  142  10:30  Missile Turret  
  142  10:33  Sensor Tower  
  143  10:41  Marine x3  
  143  10:42  Marauder  
  148  10:45  SCV, Marine  
  148  10:46  Marine  
  148  10:48  SCV, Marine  
  153  10:58  SCV  
  153  10:59  Marine x3  
  153  11:03  Marine, Marauder  
  153  11:04  Marine  
  160  11:06  Marauder  
  163  11:17  Marine x2  
  165  11:20  Command Center  
  165  11:25  Supply Depot  
  165  11:27  Medivac x2, Marine x2  
  165  11:28  Marauder  
  173  11:39  Marine  
  172  11:45  Marine x3, Marauder  
  172  11:46  Marauder  
  173  11:51  Marauder  
  169  12:12  Marine x2  
  169  12:13  Marine x2, Marauder  
  169  12:14  Marauder  
  169  12:15  Marauder  
  95  12:30  Marine x2  
  95  12:31  Marine x2  
  95  12:35  Marauder x2  
  95  12:36  Marauder  
Show
View Real Time Build Order
Export as new Build Order

ELGOLDEN Protoss - Winner!

Build Orders: 1 Gate Expand, Oracle Opening 

Get SALT Encoding   

  12  0:01  Probe (Chrono Boost)  
  13  0:11  Probe (Chrono Boost)  
  14  0:18  Pylon  
  14  0:22  Probe (Chrono Boost)  
  15  0:30  Assimilator  
  15  0:36  Probe (Chrono Boost)  
  16  0:45  Gateway  
  16  0:47  Probe (Chrono Boost)  
  17  1:01  Probe (Chrono Boost)  
  18  1:17  Nexus  
  18  1:21  Probe (Chrono Boost)  
  19  1:33  Cybernetics Core  
  19  1:34  Probe (Chrono Boost)  
  20  1:41  Pylon  
  20  1:44  Probe (Chrono Boost)  
  21  1:50  Assimilator  
  21  1:55  Probe (Chrono Boost)  
  22  2:06  Probe (Chrono Boost)  
  23  2:12  Adept  
  23  2:19  Mothership Core (Chrono Boost)  
  26  2:30  Probe (Chrono Boost)  
  26  2:35  Stalker  
  27  2:39  Probe (Chrono Boost)  
  27  2:40  Probe (Chrono Boost)  
  33  2:51  Probe x2 (Chrono Boost)  
  33  2:53  Pylon  
  33  3:03  Probe (Chrono Boost)  
  33  3:05  Probe (Chrono Boost)  
  35  3:06  Stargate  
  35  3:15  Probe (Chrono Boost)  
  35  3:16  Probe (Chrono Boost)  
  37  3:28  Nexus  
  37  3:29  Probe (Chrono Boost)  
  37  3:31  Probe (Chrono Boost)  
  39  3:40  Probe (Chrono Boost), Pylon, Warp Gate  
  40  3:42  Probe (Chrono Boost)  
  40  3:44  Sentry  
  40  3:47  Oracle  
  43  3:52  Probe (Chrono Boost)  
  47  3:56  Probe (Chrono Boost)  
  49  4:04  Probe (Chrono Boost)  
  49  4:06  Probe (Chrono Boost)  
  50  4:16  Probe (Chrono Boost)  
  52  4:17  Probe (Chrono Boost)  
  52  4:19  Pylon, Assimilator  
  52  4:20  Phoenix  
  52  4:22  Assimilator  
  54  4:27  Probe (Chrono Boost)  
  54  4:28  Probe (Chrono Boost)  
  56  4:38  Probe (Chrono Boost)  
  57  4:40  Probe (Chrono Boost)  
  57  4:41  Probe (Chrono Boost)  
  57  4:42  Phoenix  
  61  4:48  Robotics Facility, Probe (Chrono Boost)  
  61  4:49  Pylon  
  61  4:51  Probe (Chrono Boost)  
  61  4:52  Probe (Chrono Boost)  
  64  4:59  Probe (Chrono Boost)  
  65  5:00  Pylon  
  65  5:02  Probe (Chrono Boost)  
  65  5:04  Probe (Chrono Boost)  
  66  5:08  Oracle  
  66  5:09  Probe (Chrono Boost)  
  66  5:10  Gateway  
  66  5:12  Probe (Chrono Boost)  
  66  5:13  Gateway  
  71  5:21  Pylon  
  71  5:30  Pylon  
  71  5:39  Observer  
  72  5:47  Oracle  
  72  5:49  Adept  
  77  6:04  Adept  
  77  6:10  Stalker  
  61  6:19  Stalker  
  61  6:20  Probe x2 (Chrono Boost)  
  61  6:21  Mothership Core (Chrono Boost)  
  65  6:30  Pylon  
  65  6:32  Pylon, Probe x2 (Chrono Boost), Phoenix  
  69  6:34  Pylon  
  69  6:39  Probe (Chrono Boost)  
  66  6:44  Probe (Chrono Boost)  
  66  6:45  Probe (Chrono Boost)  
  68  6:49  Immortal  
  68  6:50  Probe (Chrono Boost)  
  68  6:53  Robotics Bay  
  69  6:56  Probe (Chrono Boost), Pylon, Stalker x3  
  69  6:57  Probe (Chrono Boost)  
  69  6:58  Pylon  
  69  7:00  Forge  
  69  7:01  Probe (Chrono Boost)  
  82  7:04  Pylon  
  84  7:08  Probe (Chrono Boost)  
  84  7:09  Probe (Chrono Boost), Assimilator  
  84  7:11  Void Ray, Probe (Chrono Boost)  
  89  7:21  Probe x2 (Chrono Boost)  
  91  7:23  Protoss Ground Weapons Level 1  
  91  7:25  Probe (Chrono Boost), Assimilator  
  91  7:27  Zealot, Adept  
  91  7:28  Adept  
  98  7:33  Immortal, Probe (Chrono Boost)  
  103  7:38  Probe (Chrono Boost)  
  103  7:40  Probe (Chrono Boost)  
  105  7:57  Extended Thermal Lance  
  103  8:04  Adept  
  103  8:05  Adept x2  
  109  8:08  Colossus  
  111  8:13  Probe x2 (Chrono Boost)  
  117  8:24  Void Ray  
  117  8:26  Adept  
  117  8:27  Adept x2  
  127  8:52  Stalker x3  
  134  8:55  Probe (Chrono Boost)  
  134  8:58  Gateway  
  134  8:59  Gateway  
  134  9:01  Probe (Chrono Boost), Colossus  
  134  9:02  Gateway  
  141  9:22  Probe (Chrono Boost)  
  141  9:23  Probe (Chrono Boost)  
  143  9:27  Probe (Chrono Boost)  
  143  9:35  Probe (Chrono Boost)  
  133  9:46  Probe x2 (Chrono Boost)  
  133  9:48  Probe (Chrono Boost)  
  133  9:52  Protoss Ground Armor Level 1  
  135  9:57  Probe (Chrono Boost)  
  135  9:58  Probe (Chrono Boost), Colossus  
  143  10:01  Stalker x3  
  149  10:12  Probe (Chrono Boost), Gateway  
  150  10:14  Gateway  
  150  10:17  Pylon  
  150  10:18  Void Ray  
  150  10:19  Pylon, Stalker  
  150  10:20  Stalker x2  
  160  10:21  Pylon  
  160  10:28  Nexus  
  160  10:31  Stalker x2  
  160  10:33  Pylon  
  160  10:35  Pylon  
  164  10:43  Pylon  
  164  10:49  Pylon  
  164  10:50  Pylon  
  164  10:52  Pylon, Stalker x3  
  164  10:53  Stalker  
  164  10:54  Pylon  
  164  10:55  Colossus  
  178  10:58  Stalker  
  178  11:04  Pylon, Stalker  
  182  11:11  Void Ray  
  182  11:13  Gateway  
  186  11:19  Assimilator  
  186  11:21  Assimilator  
  186  11:23  Photon Cannon, Sentry x2  
  190  11:46  Stalker x6  
  189  12:13  Zealot x5  
  189  12:14  Zealot  
  165  12:35  Stalker x6  
  173  12:57  Stalker  
  173  12:58  Stalker x4  
  167  12:59  Stalker  
Tags
 
Add a new tag
Caveats
  • Supply blocks, unpowered buildings, or Contaminate may cause inaccurate times.
  • Supply counts are checked every 10 seconds.